 Dungeon Crawl Stone Soup version 0.30-a0-292-g0f741e3f8e (webtiles) character file.

Game seed: 16937321281766757311

18 Flugkiller the Charlatan (level 2, 24/24 HPs)
             Began as a Demonspawn Wanderer on Oct 17, 2022.
             Quit the game on level 1 of the Dungeon.
             The game lasted 00:01:29 (972 turns).

Flugkiller the Charlatan (Demonspawn Wanderer)       Turns: 972, Time: 00:01:29

Health: 24/24      AC:  3    Str: 13    XL:     2   Next: 51%
Magic:  3/3        EV: 25    Int: 12    God:
Gold:   60         SH:  0    Dex: 12    Spells: 3/3 levels left

rFire   . . .      SeeInvis .    c - +0 rapier
rCold   . . .      Faith    .    (no shield)
rNeg    . . .      Spirit   .    d - +0 leather armour
rPois   .          Reflect  .    (no helmet)
rElec   .          Harm     .    (no cloak)
rCorr   .          Rampage  .    (no gloves)
Will    +....                    (no boots)
Stlth   +.........               h - amulet of the acrobat
HPRegen 0.24/turn                m - ring of willpower
MPRegen 0.16/turn                (no ring)

@: acrobatic
A: magic regeneration
a: no special abilities


You were on level 1 of the Dungeon.
You visited 1 branch of the dungeon, and saw 1 of its levels.

You collected 60 gold pieces.

Inventory:

Hand Weapons
 a - a +0 club
 c - a +0 rapier (weapon)
   (You found it on level 1 of the Dungeon)
Missiles
 i - 6 poisoned darts
Armour
 d - a +0 leather armour (worn)
Jewellery
 h - an amulet of the acrobat (around neck)
   (You found it on level 1 of the Dungeon)
 m - a ring of willpower (left hand)
   (You found it on level 1 of the Dungeon)
Wands
 e - a wand of paralysis (11) (quivered)
Scrolls
 f - a scroll of teleportation {unknown}
 g - a scroll of vulnerability {unknown}
 j - a scroll of poison {unknown}
 k - 2 scrolls of identify {unknown}
Potions
 b - 2 potions of mutation


   Skills:
 - Level 3.0 Fighting
 - Level 1.0 Stealth
 - Level 1.0 Spellcasting
 + Level 2.6 Conjurations
 - Level 4.0 Evocations


You had 3 spell levels left.
You didn't know any spells.
Your spell library contained the following spells:

 Spells                   Type           Power      Damage    Failure   Level
 Searing Ray              Conj           12%        2d4       21%         2
 Momentum Strike          Conj/Tloc      6%         3d8       34%         2


Dungeon Overview and Level Annotations

Branches:
Dungeon (1/15) Zot: 5011

Altars:


Innate Abilities, Weirdness & Mutations

You regenerate magic rapidly.


Message History

You kill the kobold!
The frilled lizard bites you. x2
A frilled lizard is nearby!
A frilled lizard is nearby!
You closely miss the frilled lizard. The frilled lizard closely misses you.
You barely miss the frilled lizard. The frilled lizard closely misses you.
You miss the frilled lizard. The frilled lizard bites you.
You closely miss the frilled lizard. The frilled lizard bites you.
You hit the frilled lizard but do no damage.
The frilled lizard barely misses you. The frilled lizard closely misses you.
You puncture the frilled lizard!
You kill the frilled lizard!
No target in view!
No target in view!
j - a scroll labelled BUYWNE BYTHI You now have 38 gold pieces (gained 11).
You now have 49 gold pieces (gained 11).
There is a shaft here.
Things that are here:
a frilled lizard corpse; a rat corpse A bat comes into view.
A bat is nearby!
A bat is nearby!
You hit the bat.
The bat is moderately wounded.
The bat hits you but does no damage.
Found 2 scrolls labelled COSKISA SAZEK.
The bat completely misses you. The bat misses you. The bat barely misses you.
The bat completely misses you.
You miss the bat. The bat barely misses you. The bat misses you.
The bat barely misses you.
You puncture the bat!
You kill the bat!
k - a scroll labelled COSKISA SAZEK
k - 2 scrolls labelled COSKISA SAZEK (gained 1)
There is an empty arch of ancient stone here.
i - 6 poisoned darts (gained 3) No target in view!
No target in view!
No target in view!
No target in view!
No target in view!
There is an empty arch of ancient stone here.
You now have 58 gold pieces (gained 9).
A frilled lizard is nearby!
A frilled lizard is nearby!
A frilled lizard is nearby!
A kobold comes into view. It is wielding a +0 whip.
The kobold shouts!
The frilled lizard hisses angrily.
The frilled lizard misses you.
You closely miss the frilled lizard.
The frilled lizard bites you but does no damage. x2
You closely miss the frilled lizard. The frilled lizard bites you.
You hit the frilled lizard.
You kill the frilled lizard!
The kobold hits you with a +0 whip.
You hit the kobold.
The kobold is severely wounded.
The kobold hits you with a +0 whip.
You miss the kobold.
The kobold is severely wounded.
The kobold hits you with a +0 whip.
A kobold is nearby!
A kobold is nearby!
You hit the kobold.
You kill the kobold!
No target in view!
No target in view!
No target in view!
No target in view!
You now have 59 gold pieces (gained 1).
You see here a +0 whip.
Key pressed, stopping explore.
A frilled lizard comes into view.
A frilled lizard is nearby!
A frilled lizard is nearby!
The frilled lizard hisses angrily.
The frilled lizard completely misses you.
You closely miss the frilled lizard. The frilled lizard bites you.
You closely miss the frilled lizard. The frilled lizard closely misses you.
You barely miss the frilled lizard. The frilled lizard bites you.
You hit the frilled lizard.
You kill the frilled lizard!
No target in view!
No target in view!
No target in view!
No target in view!
No target in view!
No target in view!
m - a ring of willpower (left hand) Unknown command.
You now have 60 gold pieces (gained 1).
Key pressed, stopping explore.
There is an empty arch of ancient stone here.
There is an empty arch of ancient stone here.
Done exploring.
Done exploring.
Done exploring.
No target in view!
Are you sure you want to abandon this character and quit the game? (Confirm with "yes".)

####### ......# #####.#
#.# #.# #.##### # #.....#
# #####.#########
########........@.#
................#.#
###.#####.#####.#.# #.#
#.# #...# #.#####.# #.###
###.......#####.#########
.##.#####...............#
..#.# #.#####.#######.#
.♣#.# #....)......# #.#


There were no monsters in sight!

Vanquished Creatures
  4 endoplasms (D:1)
  4 kobolds (D:1)
  A quokka (D:1)
  3 ball pythons (D:1)
  A bat (D:1)
  3 frilled lizards (D:1)
  2 rats (D:1)
18 creatures vanquished.

Notes
Turn   | Place    | Note
-------+----------+-------------------------------------------
     0 | D:1      | Flugkiller the Demonspawn Wanderer began the quest for the
                  | Orb.
     0 | D:1      | Flugkiller set off with the following items: a +0 club, a
                  | potion of mutation, a scroll of fear, a +0 leather armour,
                  | a wand of paralysis (11); and the following spells
                  | available to memorise: Searing Ray, Momentum Strike.
     0 | D:1      | Reached XP level 1. HP: 18/18 MP: 2/2
   300 | D:1      | Gained mutation: You regenerate magic rapidly. [demonic
                  | ancestry]
   300 | D:1      | Reached XP level 2. HP: 17/24 MP: 3/3
   972 | D:1      | Quit the game

Illustrated notes

Levels and vault maps discovered:
D:1:      nzn_arrival_settlement, layout_loops_ring, minmay_misc_feat_cross,
          minmay_bisected

Skill      XL: |  1 |
---------------+----+-----
Conjurations   | 2 |  2.6
Fighting       | |  3.0
Stealth        | |  1.0
Spellcasting   | |  1.0
Evocations     | |  4.0

Action                   || total
-------------------------++-------
Melee: Club              ||    29
       Rapier            ||    43
       Punch             ||     2
  Use: Scroll            ||     1
Armor: Leather armour    ||    15
Dodge: Dodged            ||    45

Table legend: (Time is in decaauts)
 A = Elapsed time spent in this place.
 B = Non-inter-level travel time spent in this place.
 C = Inter-level travel time spent in this place.
 D = Time resting spent in this place.
 E = Time spent auto-exploring this place.
 F = Levels seen in this place.
 G = Mean time per level.
                   A        B        C        D        E       F      G
               +--------+--------+--------+--------+--------+-----+--------+
         Total |    988 |    988 |      0 |     73 |    707 |   1 |  988.0 |
       Dungeon |    988 |    988 |      0 |     73 |    707 |   1 |  988.0 |
               +--------+--------+--------+--------+--------+-----+--------+

Top non-repeatable levels by time:
     D:1: 988 daAuts
